 Dungeon Crawl Stone Soup version 0.21-a0-426-g98080a9 (webtiles) character file.

16 outplayed the Magician (level 2, -1/19 HPs)
             Began as a Mummy Ice Elementalist on Nov 5, 2017.
             Slain by a centaur zombie (8 damage)
             ... on level 2 of the Dungeon.
             The game lasted 00:01:37 (1096 turns).

outplayed the Magician (Mummy Ice Elementalist)     Turns: 1096, Time: 00:01:38

Health: -1/19      AC:  2    Str: 11    XL:     2   Next: 37%
Magic:  5/6        EV: 12    Int: 14    God:
Gold:   80         SH:  0    Dex: 12    Spells: 4/7 levels left

rFire    x . .     SeeInvis .   e - +0 hand axe
rCold    + . .     Gourm    .   (no shield)
rNeg     + + +     Faith    .   a - +0 robe
rPois    ∞         Spirit   .   (no helmet)
rElec    .         Reflect  .   (no cloak)
rCorr    .         Harm     .   (no gloves)
MR       .....                  (no boots)
Stlth    ++........             (no amulet)
HPRegen  0.06/turn              (no ring)
MPRegen  0.10/turn              (no ring)

@: about to teleport
A: no food or potions, fire vulnerability, cold resistance 1, negative energy
resistance 3, torment resistance, unbreathing
a: no special abilities


You were on level 2 of the Dungeon.
You were not hungry.

You visited 1 branch of the dungeon, and saw 2 of its levels.

You collected 80 gold pieces.

Inventory:

Hand Weapons
 e - a +0 hand axe (weapon)
Missiles
 g - 23 stones (quivered)
Armour
 a - a +0 robe (worn)
Scrolls
 f - 3 scrolls of identify {unknown}
Books
 b - a book of Frost

   Spells                             Type                      Level
   a - Freeze                         Ice                          1
   b - Throw Frost                    Conjuration/Ice              2
   c - Ozocubu's Armour               Charms/Ice                   3
   d - Throw Icicle                   Conjuration/Ice              4
   e - Summon Ice Beast               Ice/Summoning                4


   Skills:
 - Level 1.5 Dodging
 - Level 1.5 Stealth
 + Level 3.3 Spellcasting
 - Level 0.7 Conjurations
 * Level 2.8 Ice Magic


You had 4 spell levels left.
You knew the following spells:

 Your Spells              Type           Power        Failure   Level  Hunger
a - Freeze                Ice            ##..         6%          1    N/A
b - Throw Frost           Conj/Ice       #.....       16%         2    N/A

Dungeon Overview and Level Annotations

Branches:
Dungeon (2/15)

Altars:


Innate Abilities, Weirdness & Mutations

You do not eat or drink.
Your flesh is vulnerable to fire.
You are immune to poison.
Your flesh is cold resistant. (rC+)
You are immune to negative energy. (rN+++)
You are immune to unholy pain and torment.
You can survive without breathing.


Message History

Aim: a centaur zombie You freeze the centaur zombie.
The centaur zombie completely resists.
The centaur zombie barely misses you.
You hit the centaur zombie.
The centaur zombie is lightly damaged.
The centaur zombie hits you. The centaur zombie hits you!
You slash the centaur zombie!
The centaur zombie is moderately damaged.
The centaur zombie hits you but does no damage.
Unknown command.
The centaur zombie closely misses you.
You can't drink.
As you read the scroll labeled KIEWAO WOIHUFO, it crumbles to dust.
You feel blessed for a moment.
It was a scroll of remove curse.
The centaur zombie misses you.
A bat comes into view.
As you read the scroll labeled FAILOIVUC, it crumbles to dust.
You feel strangely unstable.
It was a scroll of teleportation.
The centaur zombie hits you!
You die...

## #.# .. # #.##.# .
#. #..... . # #..
#..... .#.#
#...#####..#.##.#.###
##..........#........
.....b.@Z#..#..Z...##
............#.#.....g
##.......#........#
##..#####.##.#.#.###..
##. ...##.†...!...# #
########.###### #.#
##### #.# #...
##.###.#


You could see a centaur zombie and a bat.

Vanquished Creatures
  A dart slug (D:2)
  A bat (D:2)
  3 goblins (D:1)
  2 hobgoblins (D:1)
  3 kobolds (D:1)
  A frilled lizard (D:1)
  A rat (D:2)
12 creatures vanquished.

Notes
Turn   | Place    | Note
-------+----------+-------------------------------------------
     0 | D:1      | outplayed the Mummy Ice Elementalist began the quest for the Orb.
     0 | D:1      | Reached XP level 1. HP: 13/13 MP: 4/4
   555 | D:1      | Reached skill level 3 in Spellcasting
   737 | D:1      | Reached XP level 2. HP: 19/19 MP: 4/6
   825 | D:1      | Learned a level 2 spell: Throw Frost
  1096 | D:2      | Slain by a centaur zombie

Vault maps used:
D:1:      lightli_arrival_chessboard
D:2:      first_bread, minmay_heptomino_w4

Skill      XL: |  1 |
---------------+----+-----
Spellcasting   | 3 |  3.3
Dodging        | |  1.5
Stealth        | |  1.5
Conjurations   | |  0.7
Ice Magic      | |  2.8

Action                   || total
-------------------------++-------
Melee: Hand axe          ||     5
 Cast: Freeze            ||    20
  Use: Scroll            ||     2
 Stab: Sleeping          ||     1
Armor: Robe              ||     3
Dodge: Dodged            ||     8

Table legend:
 A = Spawn XP
 B = Non-spawn XP
 C = Spawn XP percentage of total XP
 D = Spawn monster count
 E = Non-spawn monster count
 F = Spawn count percentage of total count
 G = Total turns spent on level
                    A         B        C        D         E        F      G
               +---------+---------+-------+---------+---------+-------+---------
         Total |       0 |      23 |   0.0 |       0 |      12 |   0.0 |  1096
               +---------+---------+-------+---------+---------+-------+---------
           D:1 |       0 |      16 |   0.0 |       0 |       9 |   0.0 |   984
           D:2 |       0 |       7 |   0.0 |       0 |       3 |   0.0 |   112
               +---------+---------+-------+---------+---------+-------+---------
